 Dungeon Crawl Stone Soup version 0.23-a0-451-g1044d4cbad (webtiles) character file.

109 LostNumber the Ruffian (level 4, -2/36 HPs)
             Began as a Draconian Transmuter on Nov 23, 2018.
             Slain by a centaur (8 damage)
             ... on level 3 of the Dungeon.
             The game lasted 00:07:32 (2531 turns).

LostNumber the Ruffian (Draconian Transmuter)       Turns: 2531, Time: 00:07:33

Health: -2/36      AC:  7    Str: 12    XL:     4   Next: 60%
Magic:  4/7        EV: 12    Int: 15    God:
Gold:   100        SH:  0    Dex: 11    Spells: 1/7 levels left

rFire    . . .     SeeInvis .     - Unarmed
rCold    . . .     Gourm    .   (no shield)
rNeg     . . .     Faith    .   (armour unavailable)
rPois    .         Spirit   .   (helmet restricted)
rElec    .         Reflect  .   j - +1 cloak
rCorr    .         Harm     .   (no gloves)
MR       .....                  (no boots)
Stlth    +.........             (no amulet)
HPRegen  0.12/turn              (no ring)
MPRegen  0.10/turn              (no ring)

@: appendage
A: unfitting armour, horns 2, cold-blooded, AC +5
a: End Transformation


You were on level 3 of the Dungeon.
You were not hungry.
You had grown temporary horns.
You visited 1 branch of the dungeon, and saw 3 of its levels.

You collected 100 gold pieces.

Inventory:

Missiles
 a - 46 arrows
Armour
 j - a +1 cloak (worn)
Scrolls
 h - 2 scrolls of identify {unknown}
 l - a scroll of remove curse {unknown}
 n - a scroll of enchant weapon {unknown}
Potions
 b - 2 potions of brilliance {unknown}
 d - 3 potions of curing {unknown}
 e - 2 potions of might {unknown}
 f - 2 potions of resistance {unknown}
 g - a potion of magic {unknown}
 i - 2 potions of lignification {unknown}
 k - a potion of mutation {unknown}
 o - a potion of heal wounds {unknown}
Comestibles
 c - 5 rations
 m - 2 chunks of flesh


   Skills:
 + Level 2.2 Fighting
 + Level 2.4 Dodging
 * Level 4.1 Unarmed Combat
 - Level 2.0 Spellcasting
 + Level 2.8 Transmutations


You had one spell level left.
You knew the following spells:

 Your Spells              Type           Power        Failure   Level  Hunger
a - Beastly Appendage     Tmut           ##....       7%          1    #......
b - Sticks to Snakes      Tmut           ##......     11%         2    ###....
c - Spider Form           Tmut/Pois      #.........   36%         3    ###....

Your spell library contained the following spells:

 Spells                   Type           Power        Failure   Level  Hunger
 Ice Form                 Ice/Tmut       #.......     77%         4    #####..
 Blade Hands              Tmut           ##........   88%         5    ######.


Dungeon Overview and Level Annotations

Branches:
Dungeon (3/15)

Altars:


Innate Abilities, Weirdness & Mutations

Your plain brown scales are hard. (AC +5)
You cannot fit into any form of body armour.
You are cold-blooded and may be slowed by cold attacks.
You have a pair of horns on your head.


Message History

The centaur shoots an arrow.
The arrow hits you!
Things that are here:
an arrow; a leopard gecko corpse The centaur shoots an arrow.
The arrow hits you!
You see here an arrow.
You are too injured to fight recklessly!
The centaur shoots an arrow.
The arrow closely misses you.
The centaur unwields a +0 shortbow.
The centaur barely misses you.
Casting: Beastly Appendage (safe; 7% risk of failure)
Confirm with . or Enter, or press ? or * to list all spells.
You create a snake!
You now have 46 arrows.
The centaur hits you.
You hit the centaur.
The centaur is lightly wounded.
The centaur barely misses you. The centaur hits you.
* * * LOW HITPOINT WARNING * * *
Your ball python bites the centaur.
You barely miss the centaur.
The centaur is lightly wounded.
The centaur hits you!
You die...

###############..
########...(.((.@c......
.................S......
########.#############..
#.###### ########.#....#
.........#....#
.........#....#
.........#....#
...)...()'(...#


You could see a centaur and a friendly ball python.

Vanquished Creatures
  2 gnolls (D:2)
  An adder (D:2)
  2 oozes
  A dart slug (D:3)
  5 leopard geckos
  2 orcs (D:3)
  4 bats
  7 hobgoblins
  7 jackals
  6 kobolds
  A quokka (D:3)
  A frilled lizard (D:1)
  3 goblins
  7 rats
49 creatures vanquished.

Vanquished Creatures (collateral kills)
  2 gnolls
  A worm (D:3)
  A hobgoblin (D:3)
4 creatures vanquished.

Grand Total: 53 creatures vanquished

Notes
Turn   | Place    | Note
-------+----------+-------------------------------------------
     0 | D:1      | LostNumber the Draconian Transmuter began the quest for the
                  | Orb.
     0 | D:1      | Reached XP level 1. HP: 16/16 MP: 3/3
   307 | D:1      | Reached XP level 2. HP: 23/23 MP: 3/5
   311 | D:1      | Learned a level 2 spell: Sticks to Snakes
   828 | D:1      | Reached XP level 3. HP: 19/28 MP: 6/6
  1605 | D:2      | Reached XP level 4. HP: 36/36 MP: 3/7
  1712 | D:2      | Reached skill level 4 in Unarmed Combat
  2122 | D:3      | Learned a level 3 spell: Spider Form
  2522 | D:3      | Noticed a centaur
  2531 | D:3      | Slain by a centaur

Vault maps used:
D:1:      dpeg_arrival_arbitrary_c, minivault_23
D:3:      grunt_dithmenos_smoke

Skill      XL: |  1  2  3  4 |
---------------+-------------+-----
Dodging        | 2 |  2.4
Fighting       | 2 |  2.2
Unarmed Combat | 4 |  4.1
Spellcasting   | |  2.0
Transmutations | |  2.8

Action                   |  1- 3 |  4- 6 || total
-------------------------+-------+-------++-------
Melee: Unarmed           |   116 |    79 ||   195
       Tailslap          |    11 |    14 ||    25
       Headbutt          |     1 |     4 ||     5
       Kick              |    10 |       ||    10
       Punch             |       |     1 ||     1
 Cast: Beastly Appendage |    11 |     9 ||    20
       Sticks to Snakes  |     4 |     2 ||     6
 Stab: Sleeping          |     2 |     1 ||     3
  Eat: Chunk             |     2 |     4 ||     6
Armor: Skin              |    43 |    18 ||    61
Dodge: Dodged            |    68 |    41 ||   109

Table legend:
 A = Non-vault XP
 B = Vault XP
 C = Vault XP percentage of total XP
 D = Non-vault monster count
 E = Vault monster count
 F = Vault count percentage of total count
                 A         B        C        D         E       F
            +---------+---------+-------+---------+---------+-------
      Total |     157 |       0 |   0.0 |      53 |       0 |   0.0
            +---------+---------+-------+---------+---------+-------
        D:1 |      43 |       0 |   0.0 |      18 |       0 |   0.0
        D:2 |      71 |       0 |   0.0 |      17 |       0 |   0.0
        D:3 |      43 |       0 |   0.0 |      18 |       0 |   0.0
            +---------+---------+-------+---------+---------+-------
